meg, chaotic female elven Wizard ------------- |...@....--.----- -..u|.-.........-- ...--|.|).........| -.-- ---.........-- |.........| ----........-- --....^......| |..........*.---- |...)...........| --.........---.(... | ----...--..- -- |..-|--..| ---*..-- ..- |......| .. -....<.-- ... |......- .-- ---..... -- ----...| ----- meg the Conjurer Experience level: 3 Strength: 13 Dexterity: 13 Constitution: 13 Intelligence: 20 Wisdom: 10 Charisma: 7 Health: 0(21) Energy: 37(37) AC: 6 Gold: 28 Moves: 794 Your Inventory: Coins $ - 28 gold pieces Weapons a - a blessed +1 quarterstaff (alternate weapon; not wielded) Armor b - an uncursed +0 cloak of magic resistance (being worn) w - an [uncursed] +0 leather armor (being worn) z - a [blessed +1] small shield [of power and telepathy] (weapon in hand) C - a cursed -1 pair of hard shoes [iron] (being worn) Scrolls i - 2 uncursed scrolls of identify j - an uncursed scroll of light k - an uncursed scroll of enchant armor u - a [cursed] scroll labeled LEP GEX VEN ZEA [of destroy armor] x - an [uncursed] scroll labeled ABRA KA DABRA [of confuse monster] A - an [uncursed] scroll labeled EIRIS SAZUN IDISI [of teleportation] Spellbooks l - a blessed spellbook of force bolt m - an uncursed spellbook of protection t - an [uncursed] spellbook of magic missile Potions f - an uncursed potion of restore ability g - an uncursed potion of full healing h - an uncursed potion of object detection q - a [cursed] emerald potion [of gain ability] r - an [uncursed] clear potion [of water] v - a [blessed] golden potion [of blindness] y - an [uncursed] greasy potion [of booze] Rings d - an uncursed ring of invisibility e - an uncursed +2 ring of gain dexterity p - an [uncursed] topaz ring [of free action] s - a [cursed -1] moonstone ring [of gain wisdom] H - a [cursed] steel ring [of polymorph control] I - a [cursed] plastic ring [of shock resistance] J - a [cursed -1] twisted ring [of increase damage] Wands c - an uncursed wand of light (0:10) D - a [cursed] wand of light [0:11] E - a [cursed] wand of light [0:14] F - a [cursed] alabaster wand [of teleportation (0:4)] G - a [cursed] walnut wand [of nothing (0:4)] Tools n - an uncursed magic marker (0:35) o - an uncursed bugle B - an [uncursed tooled] horn Spells known in the end: Name Level Category Fail Memory a - force bolt 1 attack 0% [||||||||] b - protection 1 clerical 0% [||||||||] c - magic missile 2 attack 0% [||||||||] Your skills at the end: Fighting Skills Weapon Skills quarterstaff [Basic / Expert] Spellcasting Skills attack spells [Basic / Expert] enchantment spells [Basic / Skilled] Final Attributes: You were fervently aligned. Hunger level was 49. Your alignment was 13 / 13. Monster difficulty range was 0 - 3. Level difficulty was 4. You were magic-protected. You saw invisible. You had infravision. Your luck was zero. You are dead. Vanquished creatures: an iguana a coyote a large kobold a gnome zombie 3 geckos 2 jackals a goblin a sewer rat 6 grid bugs a lichen 2 newts 20 creatures vanquished. Voluntary challenges: You were an atheist. You went without food. You used a wielded weapon 9 times. You read items or engraved 1 time. You put on armor 4 times. You never genocided any monsters. You never polymorphed an object. You never changed form. You used no wishes. You never wrote Elbereth's name. You encountered 1 bones level. You never used any Sokoban shortcuts. Dungeon overview: The Dungeons of Doom: levels 1 to 3 Level 1 a fountain a long staircase Level 2 a weapon shop Level 3 a fountain stairs to The Gnomish Mines The Gnomish Mines: Level 4 <- You were here stairs to The Dungeons of Doom History has recorded: On T:1 you entered the Dungeons of Doom to retrieve the Amulet of Yendor! On T:277 you reached level 2 of The Dungeons of Doom. On T:557 you advanced to experience level 2. On T:634 you reached level 3 of The Dungeons of Doom. On T:685 you advanced to experience level 3. On T:746 you reached level 1 of The Gnomish Mines. Latest messages: Something is written here in the dust. You read: "El|e?ethEzberethE?bcrethE1be?c?hElbercth?lbevethElbcrethElb?retn". [HP+1=14] D - a wand of light. E - a wand of light. F - an alabaster wand. G - a walnut wand. H - a steel ring. I - a plastic ring. J - a twisted ring. Something is written here in the dust. You read: "E|beret?E|beretnElbcr(thElb$rHthElb?re?hE|be?c?nclbe?*thElberetxHlberethElberethElb_re?hElbcrethEl|erethElb$EethElberethElberethElb=rethElberethEl1e?ethElbercthElberethElbereth?lberethElberethElberethElberethElberethElberethElberet". There are several more objects here. [HP+1=15] [HP+1=16] Wizard needs food, badly! The white unicorn just misses! The white unicorn kicks! The white unicorn butts! The white unicorn kicks! You die... Final status: Goodbye meg the Wizard... You died in The Gnomish Mines on dungeon level 4 with 356 points, and 28 pieces of gold, after 794 moves. You were level 3 with a maximum of 21 hit points when you died.